 Dungeon Crawl Stone Soup version 0.31-a0-133-gaae73658be (console) character file.

Game seed: 14289731318825559818

2 petzl the Sneak (level 1, -1/18 HPs)
             Began as a Formicid Delver on June 3, 2023.
             Slain by an orc
             ... wielding a +0 hand axe
              (3 damage)
             ... on level 5 of the Dungeon.
             The game lasted 00:01:58 (137 turns).

petzl the Sneak (Formicid Delver)                    Turns: 137, Time: 00:01:59

Health: -1/18      AC:  3    Str: 16    XL:     1   Next: 33%
Magic:  1/1        EV: 12    Int:  9    God:
Gold:   9          SH:  0    Dex: 15    Spells: 1/1 levels left

rFire   . . .        a - +0 mace
rCold   . . .        (no shield)
rNeg    . . .        b - +0 leather armour
rPois   .            (helmet unavailable)
rElec   .            (no cloak)
rCorr   .            (no gloves)
SInv    +            (no boots)
Will    .....        (no amulet)
Stlth   +++          (no ring)
HPRegen 0.23/turn    (no ring)
MPRegen 0.07/turn

%: no passive effects
@: no status effects
A: permanent stasis, dig shafts and tunnels, antennae 3, four strong arms
a: Dig, Shaft Self


You were on level 5 of the Dungeon.
You visited 1 branch of the dungeon, and saw 1 of its levels.

You collected 9 gold pieces.

Inventory:

Hand Weapons
 a - a +0 mace (weapon)
Missiles
 h - 3 javelins
Armour
 b - a +0 leather armour (worn)
Jewellery
 g - a +6 ring of dexterity
Wands
 f - a wand of digging (3)
Scrolls
 c - a scroll of fog
 d - a scroll of magic mapping
 e - a scroll of fear


   Skills:
 - Level 3.2 Fighting
 - Level 2.0 Maces & Flails
 - Level 1.7 Dodging
 - Level 6.0 Stealth
 + Level 0.6 Spellcasting


You had one spell level left.
You didn't know any spells.
Your spell library was empty.

Dungeon Overview and Level Annotations

Branches:
Dungeon (5/15)
 Temple: D:4-7

Altars:
Ashenzari

Annotations:
D:5 exclusion: hound


Innate Abilities, Weirdness & Mutations

You cannot be hasted, slowed, berserked, paralysed or teleported.
You can dig through walls and to a lower floor.
You have a pair of large antennae on your head. (SInv)
Your four strong arms can wield two-handed weapons with a shield.


Message History

Throw: 6 javelins
Press: ? - help, Shift-Dir - straight line, f - orc
Aim: an orc, wielding a +0 hand axe and wearing a +0 ring mail (63% to hit)
You throw a javelin. The javelin pierces through the orc!
You kill the orc!
The javelin pierces through the orc.
The orc is heavily wounded.
Unknown command.
Unknown command.
Unknown command.
Unknown command.
Throw: 5 javelins
Press: ? - help, Shift-Dir - straight line, f/p - orc
Aim: an orc, wielding a +0 hand axe and wearing a +0 ring mail (heavily wounded, 63% to hit)
You throw a javelin. The javelin pierces through the orc.
The orc is severely wounded.
The orc closely misses you.
You barely miss the orc.
The orc is severely wounded.
The orc hits you with a +0 hand axe.
You closely miss the orc.
The orc is severely wounded.
The orc closely misses you.
You hit the orc.
The orc is almost dead.
The orc hits you with a +0 hand axe.
You completely miss the orc.
The orc is almost dead.
The orc hits you with a +0 hand axe. x2
* * * LOW HITPOINT WARNING * * *
You barely miss the orc.
The orc is almost dead.
The orc hits you with a +0 hand axe.
* * * LOW HITPOINT WARNING * * *
Throw: 4 javelins
Press: ? - help, Shift-Dir - straight line, f/p - orc
Aim: an orc, wielding a +0 hand axe and wearing a +0 ring mail (almost dead, 63% to hit)
You throw a javelin. The javelin closely misses the orc.
The orc hits you with a +0 hand axe.
You die...

..oo.#.#.#.#########.#
#.....#.#......##.# {
###.....#......##'#####
#.#...#......#......#
#.#.....##..........#
#.#........#........#
#.####...###........#
#[..................#.#
####..........#'#####.#
#.#.####...#.#####.# ###
#......#..o#.....#.#...
###.##.#.#o#####.#.#.###
#'# #.#.......#......
#_# #.#o#####...######
### #.#.o...#.>.......
#.#####o#.######## #.#
#.#.# #.#####.#.#
#..@o((.#.# #########.#
#.# ..# ###


You could see an orc.

Vanquished Creatures
  An orc (D:5)
1 creature vanquished.

Notes
Turn   | Place    | Note
-------+----------+-------------------------------------------
     0 | D:5      | petzl the Formicid Delver began the quest for the Orb.
     0 | D:5      | Reached XP level 1. HP: 18/18 MP: 1/1
    48 | D:5      | Noticed a hound
    72 | D:5      | Found a broken altar of Ashenzari.
   137 | D:5      | Slain by an orc

Illustrated notes

Levels and vault maps discovered:
D:5:      layout_basic, kennysheep_mini, chequers_decorated_corner

Action                     || total
---------------------------++-------
  Melee: Mace              ||     5
  Throw: Javelin           ||     3
  Dodge: Dodged            ||     2

Table legend: (Time is in decaauts)
 A = Elapsed time spent in this place.
 B = Non-inter-level travel time spent in this place.
 C = Inter-level travel time spent in this place.
 D = Time resting spent in this place.
 E = Time spent auto-exploring this place.
 F = Levels seen in this place.
 G = Mean time per level.
                   A        B        C        D        E       F      G
               +--------+--------+--------+--------+--------+-----+--------+
         Total |    139 |    139 |      0 |      0 |     47 |   1 |  139.0 |
       Dungeon |    139 |    139 |      0 |      0 |     47 |   1 |  139.0 |
               +--------+--------+--------+--------+--------+-----+--------+

Top non-repeatable levels by time:
     D:5: 139 daAuts
